 Dungeon Crawl Stone Soup version 0.30-a0-1018-g25214051b3 (webtiles) character file.

Game seed: 4941174125051390825

4 ytrimaz the Ruffian (level 1, 0/18 HPs)
             Began as a Naga Transmuter on Apr 8, 2023.
             Slain by a ball python (3 damage)
             ... on level 1 of the Dungeon.
             The game lasted 00:00:23 (23 turns).

ytrimaz the Ruffian (Naga Transmuter)                 Turns: 23, Time: 00:00:24

Health: 0/18       AC:  1    Str: 12    XL:     1   Next: 60%
Magic:  3/3        EV:  9    Int: 13    God:
Gold:   0          SH:  0    Dex: 11    Spells: 3/4 levels left

rFire   . . .      SeeInvis +      - Unarmed
rCold   . . .      Faith    .    (no shield)
rNeg    . . .      Spirit   .    a - +0 robe
rPois   +          Reflect  .    (no helmet)
rElec   .          Rampage  .    (no cloak)
rCorr   .                        (no gloves)
Will    .....                    (no barding)
Stlth   +                        (no amulet)
HPRegen 0.23/turn                (no ring)
MPRegen 0.08/turn                (no ring)

@: very slow
A: AC +0, large, see invisible, deformed body, poison resistance, slowness 2,
spit poison 1, naga tail 1
a: Spit Poison


You were on level 1 of the Dungeon.
You visited 1 branch of the dungeon, and saw 1 of its levels.


Innate Abilities, Weirdness & Mutations

Your serpentine skin is tough. (AC +0)
You have supernaturally acute eyesight. (SInv)
Armour fits poorly on your strangely shaped body.
Your system is resistant to poisons. (rPois)
You cover ground very slowly.
You can spit poison.
You have a snake-like lower body.


   Skills:
 - Level 1.0 Fighting
 - Level 1.5 Dodging
 + Level 0.9 Stealth
 - Level 3.0 Unarmed Combat
 + Level 2.1 Spellcasting
 + Level 2.1 Transmutations


You had 3 spell levels left.
You knew the following spells:

 Your Spells              Type           Power      Damage    Failure   Level
a - Beastly Appendage     Tmut           12%        N/A       11%         1

Your spell library contained the following spells:

 Spells                   Type           Power      Damage    Failure   Level
 Wereblood                Tmut           6%         N/A       16%         2
 Spider Form              Tmut/Pois      4%         N/A       43%         3
 Ice Form                 Ice/Tmut       4%         N/A       85%         4

Inventory:

Armour
 a - a +0 robe (worn)
Potions
 b - a potion of lignification

Dungeon Overview and Level Annotations

Branches:
Dungeon (1/15) Zot: 5973

Altars:

#####+#####
#.........#
#.........#
#..⌠...⌠..#
###.........#
#.S@...<....+
#.#h........#
#$.#..⌠...⌠..#
...##.........#
.....
#.........#
.......
#####+#####
....... .......
.......


You could see a jackal and a ball python.


Message History

🤖 Initializing magus.rc ...
Options error: Delay interrupt name "hungry" not recognised. (~/.crawlrc:4375) Options error: Bad monster_list_colour key: strict_neutral (~/.crawlrc:4390) Bad channel name for runrest: 'pray:' ✅ Successfully initialized magus.rc [v1.9.6] Welcome, ytrimaz the Naga Transmuter.
If you return without finding the Orb of Zot, so far below, it's all over!
Press ? for a list of commands and other information.
Found a staircase leading out of the dungeon.
You open the door.
A jackal comes into view.
There is an open door here.
A jackal is nearby!
A jackal is nearby!
The jackal barks!
You hear a bark! x2
A jackal comes into view. x2; A ball python comes into view.
A jackal comes into view.
You grow a pair of large bovine horns.
The jackal barks!
The ball python hisses angrily.
The jackal misses you. 😎 MP[-1]
You lost 1 mp, and now have 2/3 mp.
You closely miss the jackal. The jackal bites you.
The jackal bites you but does no damage. 😕 HP[-2]
You take 2 damage, and now have 16/18 hp.
You miss the jackal. The jackal bites you. x2 😕 HP[-2]
You take 2 damage, and now have 14/18 hp.
Your transformation is almost over.
There is an open door here.
You barely miss the jackal. The jackal bites you.
The jackal closely misses you. 😮 HP[-2]
You take 2 damage, and now have 12/18 hp.
You barely miss the jackal. You headbutt the jackal.
You kill the jackal!
The jackal completely misses you. The jackal barely misses you.
Unknown command.
The jackal attacks as you move away! The jackal closely misses you. 😮 HP[+1]
You hit the jackal but do no damage. The jackal bites you. 😮 HP[-1]
You take 1 damage, and now have 12/18 hp.
You hit the jackal. Your headbutt misses the jackal.
The jackal bites you but does no damage.
You hit the jackal but do no damage. The jackal misses you.
The jackal bites you.
* * * LOW HITPOINT WARNING * * *
😨 HP[-3]
You take 3 damage, and now have 9/18 hp.
Unknown command.
You hit the jackal but do no damage. You headbutt the jackal.
You kill the jackal! 😮 HP[+1]
You hit the jackal. Your headbutt misses the jackal.
Your horns disappear.
The jackal closely misses you. The jackal barely misses you.
Unknown command.
You hit the jackal.
You kill the jackal!
The jackal bites you.
* * * LOW HITPOINT WARNING * * *
😨 HP[-2] MP[+1]
You take 2 damage, and now have 8/18 hp.
Your mp is fully restored (3).
You barely miss the ball python. The jackal barely misses you.
The ball python bites you but does no damage.
The jackal bites you.
* * * LOW HITPOINT WARNING * * *
😨 HP[-2]
You take 2 damage, and now have 6/18 hp.
Unknown command.
You are too injured to fight recklessly!
You closely miss the ball python. The ball python closely misses you.
The jackal bites you.
* * * LOW HITPOINT WARNING * * *
The ball python misses you. 😱 HP[-2]
You take 2 damage, and now have 4/18 hp.
You closely miss the ball python. The jackal bites you.
* * * LOW HITPOINT WARNING * * *
The ball python bites you.
You die...

Action                     || total
---------------------------++-------
  Melee: Unarmed           ||    13
         Headbutt          ||     2
   Cast: Beastly Appendage ||     1
 Armour: Robe              ||     3
  Dodge: Dodged            ||    11

Levels and vault maps discovered:
D:1:      mushboom_english_gardens, layout_rooms, serial_shops,
          nicolae_lakefront_shop, nicolae_shop_trees, nicolae_shop_statue_plus,
          shop

Notes
Turn   | Place    | Note
-------+----------+-------------------------------------------
     0 | D:1      | ytrimaz the Naga Transmuter began the quest for the Orb.
     0 | D:1      | Reached XP level 1. HP: 18/18 MP: 3/3
     0 | D:1      | magus.rc [v1.9.6]
    22 | D:1      | HP: 4/18 [jackal (2)]
    23 | D:1      | Slain by a ball python

Vanquished Creatures
  3 jackals (D:1)
3 creatures vanquished.

Table legend:
 A = Non-vault XP
 B = Vault XP
 C = Vault XP percentage of total XP
 D = Non-vault monster count
 E = Vault monster count
 F = Vault count percentage of total count
                 A         B        C        D         E       F
            +---------+---------+-------+---------+---------+-------
      Total |       6 |       0 |   0.0 |       3 |       0 |   0.0
            +---------+---------+-------+---------+---------+-------
        D:1 |       6 |       0 |   0.0 |       3 |       0 |   0.0
            +---------+---------+-------+---------+---------+-------

Illustrated notes

Table legend:
 A = Kills in this place as a percentage of kills in the entire game.
 B = Kills by you in this place as a percentage of kills by you in the entire game.
 C = Kills by friends in this place as a percentage of kills by friends in the entire game.
 D = Other kills in this place as a percentage of other kills in the entire game.
 E = Experience gained in this place as a percentage of experience gained in the entire game.
 F = Experience gained in this place divided by the number of levels of this place that you have seen.
                   A       B       C       D       E      F
               +-------+-------+-------+-------+-------+----------------------
         Total | 100.0 | 100.0 |   N/A |   N/A | 100.0 |   6.0
       Dungeon | 100.0 | 100.0 |   N/A |   N/A | 100.0 |   6.0
               +-------+-------+-------+-------+-------+----------------------

Table legend: (Time is in decaauts)
 A = Elapsed time spent in this place.
 B = Non-inter-level travel time spent in this place.
 C = Inter-level travel time spent in this place.
 D = Time resting spent in this place.
 E = Time spent auto-exploring this place.
 F = Levels seen in this place.
 G = Mean time per level.
                   A        B        C        D        E       F      G
               +--------+--------+--------+--------+--------+-----+--------+
         Total |     26 |     26 |      0 |      0 |      5 |   1 |   26.0 |
       Dungeon |     26 |     26 |      0 |      0 |      5 |   1 |   26.0 |
               +--------+--------+--------+--------+--------+-----+--------+

Top non-repeatable levels by time:
     D:1: 26 daAuts
